 Dungeon Crawl Stone Soup version 0.24.0-125-gc4c63601f3 (webtiles) character file.

Game seed: 1106401798606180297, levelgen mode: deterministic

21 MajorAdolf the Sneak (level 2, 0/22 HPs)
             Began as a Naga Wanderer on Feb 17, 2020.
             Slain by a hobgoblin
             ... wielding a +0 club
              (1 damage)
             ... on level 1 of the Dungeon.
             The game lasted 00:01:51 (1305 turns).

MajorAdolf the Sneak (Naga Wanderer)                Turns: 1305, Time: 00:01:52

Health: 0/22       AC:  1    Str: 12    XL:     2   Next: 83%
Magic:  3/3        EV:  9    Int: 15    God:
Gold:   28         SH:  0    Dex:  9    Spells: 3/3 levels left

rFire    . . .     SeeInvis +   a - +0 dagger
rCold    . . .     Gourm    .   (no shield)
rNeg     . . .     Faith    .   d - +0 robe
rPois    +         Spirit   .   (no helmet)
rElec    .         Reflect  .   (no cloak)
rCorr    .         Harm     .   (no gloves)
MR       .....                  (no barding)
Stlth    ++........             (no amulet)
HPRegen  0.07/turn              (no ring)
MPRegen  0.08/turn              (no ring)

@: short of breath, very slow
A: large, see invisible, deformed body, poison resistance, slowness 2, slow
metabolism 1, spit poison 1, AC +0
a: Spit Poison


You were on level 1 of the Dungeon.
You were not hungry.

You visited 1 branch of the dungeon, and saw 2 of its levels.

You collected 28 gold pieces.

Inventory:

Hand Weapons
 a - a +0 dagger (weapon)
Armour
 d - a +0 robe (worn)
Scrolls
 b - a scroll of fog {unknown}
 c - a scroll of teleportation
Comestibles
 f - 2 rations


   Skills:
 + Level 4.3 Stealth
 - Level 1.0 Spellcasting
   Level 3.0 Transmutations
   Level 1.0 Ice Magic
   Level 3.0 Air Magic
   Level 1.0 Evocations


You had 3 spell levels left.
You didn't know any spells.
Your spell library contained the following spells:

 Spells                   Type           Power        Failure   Level  Hunger
 Shock                    Conj/Air       #...         13%         1    ##.....
 Swiftness                Chrm/Air       #.......     21%         2    ###....
 Sting                    Conj/Pois      #...         24%         1    ##.....
 Static Discharge         Conj/Air       #.......     36%         3    ####...
 Ignite Poison            Fire/Tmut/Pois #.......     43%         3    ####...
 Airstrike                Air            #.........   56%         4    #####..
 Lightning Bolt           Conj/Air       #.........   98%         5    ######.


Dungeon Overview and Level Annotations

Branches:
Dungeon (2/15)

Altars:


Innate Abilities, Weirdness & Mutations

You cannot wear boots.
Your serpentine skin is tough. (AC +0)
You have supernaturally acute eyesight. (SInv)
Armour fits poorly on your strangely shaped body.
Your system is resistant to poisons. (rPois)
You cover ground very slowly.
You have a slow metabolism.
You can spit poison.


Message History

You barely miss the hobgoblin.
The hobgoblin is heavily wounded.
The bat hits you.
* * * LOW HITPOINT WARNING * * *
The hobgoblin hits you but does no damage.
You closely miss the hobgoblin.
The hobgoblin is heavily wounded.
The bat hits you.
* * * LOW HITPOINT WARNING * * *
You hit the hobgoblin.
The hobgoblin is almost dead.
You have got your breath back.
The bat hits you but does no damage. The hobgoblin hits you with a +0 club.
* * * LOW HITPOINT WARNING * * *
Press: ? - help, Shift-Dir - straight line, f - hobgoblin, p - bat
Aim: a hobgoblin, wielding a +0 club (almost dead)
The splash of poison misses the hobgoblin.
You feel slightly more hungry. The bat closely misses you.
The hobgoblin hits you with a +0 club.
You die...

#.#.# #<......#
#.#.#####.......#
#.#..#.............
#....'......⌠......
##..##.............
#..#####.......###
#..# #.......#
###.b# ###...###
#..g@# ...# #)####
...# #.# ## ..#
####


You could see a hobgoblin and a bat.

Vanquished Creatures
  An adder (D:2)
  A leopard gecko (D:2)
  3 hobgoblins
  A kobold (D:2)
  A frilled lizard (D:2)
  2 goblins (D:2)
  2 rats (D:2)
11 creatures vanquished.

Notes
Turn   | Place    | Note
-------+----------+-------------------------------------------
     0 | D:1      | MajorAdolf the Naga Wanderer began the quest for the Orb.
     0 | D:1      | MajorAdolf set off with the following items: a +0 club, a
                  | scroll of teleportation, a +0 robe, a ration; and the
                  | following spells available to memorise: Shock, Swiftness,
                  | Sting, Static Discharge, Ignite Poison, Airstrike,
                  | Lightning Bolt
     0 | D:1      | Reached XP level 1. HP: 15/15 MP: 2/2
    35 | D:1      | Reached skill level 2 in Stealth
   365 | D:2      | Reached skill level 3 in Stealth
   680 | D:2      | Reached XP level 2. HP: 22/22 MP: 3/3
   986 | D:2      | HP: 1/22 [adder (3)]
   987 | D:2      | Reached skill level 4 in Stealth
  1304 | D:1      | HP: 1/22 [hobgoblin/+0 club (3)]
  1305 | D:1      | Slain by a hobgoblin

Levels and vault maps discovered:
D:1:      minmay_arrival_cross, layout_basic
D:2:      layout_basic, first_ration, kennysheep_nondescript

Skill      XL: |  1  2 |
---------------+-------+-----
Stealth        | 3 4 |  4.3
Spellcasting   | |  1.0
Transmutations | |  3.0
Ice Magic      | |  1.0
Air Magic      | |  3.0
Evocations     | |  1.0

Action                   || total
-------------------------++-------
Melee: Unarmed           ||    10
       Dagger            ||    42
 Abil: Spit Poison       ||    18
  Eat: Chunk             ||     1
Armor: Robe              ||    13
Dodge: Dodged            ||    62
